 Dungeon Crawl Stone Soup version 0.30.1 (webtiles) character file.

Game seed: 341835971852820238

1440 Sanktem7 the Cleaver (level 8, -3/71 HPs)
             Began as a Minotaur Fighter on July 7, 2023.
             Slain by Sigmund
             ... wielding a +0 scythe
              (9 damage)
             ... on level 6 of the Dungeon.
             The game lasted 00:04:57 (4165 turns).

Sanktem7 the Cleaver (Minotaur Fighter)             Turns: 4165, Time: 00:04:57

Health: -3/71      AC: 17    Str: 23    XL:     8   Next: 46%
Magic:  7/7        EV:  6    Int:  5    God:
Gold:   214        SH:  0    Dex: 10    Spells: 7/7 levels left

rFire   . . .        a - +0 war axe {axe}
rCold   . . .        c - +0 buckler
rNeg    . . .        l - +0 plate armour
rPois   .            (helmet restricted)
rElec   .            w - +0 cloak
rCorr   .            (no gloves)
SInv    .            H - +2 pair of boots
Will    .....        (no amulet) Stlth
                     (no ring)
HPRegen 0.31/turn    (no ring)
MPRegen 0.10/turn

%: no passive effects
@: confused
A: horns 2, retaliatory headbutt
a: no special abilities


You were on level 6 of the Dungeon.
You visited 2 branches of the dungeon, and saw 7 of its levels.

You collected 214 gold pieces.


Innate Abilities, Weirdness & Mutations

You have a pair of horns on your head.
You reflexively headbutt those who attack you in melee.


   Skills:
 + Level 6.6 Fighting
 * Level 8.2 Axes
 + Level 0.2 Throwing
 + Level 6.7 Armour
 + Level 6.6 Shields


You had 7 spell levels left.
You didn't know any spells.
Your spell library contained the following spells:

 Spells                   Type           Power      Damage    Failure   Level
 Slow                     Hex            0%         N/A       100%        1
 Blink                    Tloc           0%         N/A       100%        2
 Confusing Touch          Hex            0%         N/A       100%        3
 Vampiric Draining        Necr           0%         2d6       100%        3
 Manifold Assault         Tloc           0%         N/A       100%        4
 Storm Form               Tmut/Air       0%         N/A       100%        7

Inventory:

Hand Weapons
 a - a +0 war axe (weapon) {axe}
 y - a +3 flail {mace}
   (You took it off an orc priest on level 5 of the Dungeon)
Missiles
 e - 11 poisoned darts (quivered) {throwing}
 x - 4 javelins {throwing}
 E - a boomerang of dispersal {=f!fthrowing}
Armour
 c - a +0 buckler (worn)
 l - a +0 plate armour (worn)
   (You found it on level 2 of the Dungeon)
 w - a +0 cloak (worn)
   (You found it on level 4 of the Dungeon)
 H - a +2 pair of boots (worn)
   (You found it on level 6 of the Dungeon)
Wands
 s - a wand of roots (21)
   (You found it on level 3 of the Dungeon)
 A - a wand of polymorph (13)
   (You took it off a centaur on level 5 of the Dungeon)
 D - a wand of light (11)
   (You found it on level 6 of the Dungeon)
Scrolls
 i - a scroll of fear {unknown}
 j - a scroll of magic mapping {unknown}
 k - 8 scrolls of identify {unknown}
 p - 2 scrolls of noise {unknown}
 q - 2 scrolls of fog {unknown}
 t - a scroll of vulnerability {unknown}
 u - a scroll of immolation {unknown}
 v - 2 scrolls of teleportation {unknown}
 B - a scroll of enchant armour {unknown}
Potions
 b - a potion of brilliance {unknown}
 d - a potion of might
 f - a potion of lignification {unknown}
 h - a potion of flight {unknown}
 m - 3 potions of invisibility {unknown}
 n - a potion of berserk rage {unknown}
 o - 2 potions of heal wounds {unknown}
 r - 2 potions of haste {unknown}
 z - a potion of attraction {unknown}
 C - 2 potions of degeneration {unknown}

Dungeon Overview and Level Annotations

Branches:
Dungeon (6/15) Zot: 26476  Temple (1/1) D:6 Zot: 5730

Altars:
Ashenzari
Cheibriados
Dithmenos
Elyvilon
Fedhas
Kikubaaqudgha
Makhleb
Nemelex Xobeh
Qazlal
Ru
Sif Muna
Trog
Uskayaw
Vehumet
Xom
Yredelemnul

Annotations:
D:6 Sigmund

#....##......#
#.........∩..#####
.......#.....##..#
.......#......#..###
...................#
.............)....##
.........))........#
.......?.).)..5...##
...........5..{.@..#
.................##.....
............(...).......
........................
.....................
..#.#................
..####................ .
#...............#. #
#...............


You could see 2 shadow imps.


Message History

You continue putting on your +2 pair of boots. x4
You finish putting on your +2 pair of boots. 😨 HP[+2]
You regained 2 hp, and now have 18/71 hp.
You drop a +1 shortbow of flaming {bow}.
You drop a +2 short sword of flaming {short}.
You drop 53 stones {throwing}. 😨 HP[+1]
A quasit comes into view. 😨 HP[+1]
A quasit is nearby!
You are too injured to fight recklessly!
You are too injured to fight recklessly!
You are too injured to fight recklessly!
You are too injured to fight recklessly!
You are too injured to fight recklessly!
The quasit bites you but does no damage.
The quasit claws you but does no damage. x2
The quasit bites you but does no damage.
The quasit claws you but does no damage.
The quasit closely misses you.
Items here: $ )) †.
You miss the quasit. You headbutt the quasit!
The quasit bites you but does no damage.
The quasit barely misses you. x2 😨 HP[+1]
You closely miss the quasit. You block the quasit's attack.
The quasit barely misses you. x2
You slash the quasit!
You kill the quasit! 😨 HP[+1]
You start resting.
A shadow imp comes into view. 😨 HP[+1]
You see here a scroll labelled YLISAU LOABRUCH. 😨 HP[+1]
You barely miss the shadow imp. You headbutt the shadow imp.
The shadow imp shouts, "Slither hence, thou pox-marked miscreant cow!"
The shadow imp hits you but does no damage.
You barely miss the shadow imp.
The shadow imp hits you but does no damage. 😨 HP[+1]
You hit the shadow imp but do no damage.
Your headbutt misses the shadow imp.
The shadow imp hits you but does no damage.
You barely miss the shadow imp. The shadow imp barely misses you.
You closely miss the shadow imp. Your headbutt misses the shadow imp.
The shadow imp hits you.
* * * LOW HITPOINT WARNING * * *
Sigmund the Dreaded comes into view.
He is wielding a +0 scythe.
A shadow imp comes into view.
The shadow imp sputters.
The shadow imp hits you but does no damage. 😨 HP[-2]
You take 2 damage, and now have 23/71 hp.
You barely miss the shadow imp.
The shadow imp hits you but does no damage.
The shadow imp attacks as you move away!
The shadow imp barely misses you.
The shadow imp attacks as you move away!
The shadow imp hits you but does no damage. 😨 HP[+1] Sigmund mumbles some strange words.
Sigmund flickers and vanishes!
Deactivating autopickup; reactivate with Ctrl-A.
The shadow imp attacks as you move away!
The shadow imp hits you.
* * * LOW HITPOINT WARNING * * *
A magic dart appears from out of thin air!
The magic dart hits you.
* * * LOW HITPOINT WARNING * * *
Things that are here:
a +0 dagger {short}; 4 poisoned darts {throwing}; a kobold corpse 😨 HP[-6]
You take 6 damage, and now have 18/71 hp.
Items here: )) ††. 😨 HP[+1]
The shadow imp attacks as you move away!
The shadow imp hits you but does no damage.
The shadow imp gestures at you. Pain shoots through your body!
* * * LOW HITPOINT WARNING * * *
😱 HP[-13]
You take 13 damage, and now have 6/71 hp. 😱 HP[+1]
The shadow imp laughs crazily.
The shadow imp shouts, "Slither home, thou lumpish nut-hook deadneck!"
The shadow imp shouts, "Embrace submission, thou beslubbering hell-hated walking sirloin!"
The shadow imp gestures at you. Pain shoots through your body!
* * * LOW HITPOINT WARNING * * *
There is a stone staircase leading up here. 😱 HP[-1]
You take 1 damage, and now have 6/71 hp.
You hear some strange, mumbled words.
You are confused.
In your confused state, you trip and fall back down the stairs.
* * * LOW HITPOINT WARNING * * *
Something hits you!
You die...

Skill      XL: |  1  2  3  4  5  6  7  8 |
---------------+-------------------------+-----
Axes           | 3 4 5 6 7 8 |  8.2
Armour         | 4 5 6 |  6.7
Shields        | 4 5 6 |  6.6
Fighting       | 4 5 6 |  6.6
Throwing       | |  0.2

Action                     |  1- 3 |  4- 6 |  7- 9 || total
---------------------------+-------+-------+-------++-------
  Melee: War axe           |    93 |   101 |   100 ||   294
         Headbutt          |    10 |    14 |    26 ||    50
 Armour: Scale mail        |    12 |       |       ||    12
         Plate armour      |    55 |   106 |   115 ||   276
  Dodge: Dodged            |    30 |    39 |    46 ||   115
  Block: Buckler           |    26 |    31 |    26 ||    83

Levels and vault maps discovered:
D:1:      lightli_arrival_quake, layout_basic, hangedman_decor_clover_reticule,
          serial_park_tiny_pond
D:2:      layout_loops_corners, minmay_tromino_v2
D:3:      layout_rooms
D:4:      layout_rooms, nicolae_nh_ransacked_shop
D:5:      layout_rooms, mainiacjoe_overflow_brackets,
          grunt_temple_overflow_diamond
D:6:      layout_cave_pools, mainiacjoe_overflow_paths, zin_angel,
          mainiacjoe_overflow_catwalk, minmay_temple_entry_proselytizer,
          serial_demonic, serial_demonic_a, serial_demonic_c, serial_demonic_d,
          serial_demonic_d, minmay_misc_feat_tiny, patterned_corridor,
          uniq_sigmund, uniq_crazy_yiuf_cottage, uniq_menkaure
Temple:   hellmonk_temple_flake

Notes
Turn   | Place    | Note
-------+----------+-------------------------------------------
     0 | D:1      | Sanktem7 the Minotaur Fighter began the quest for the Orb.
     0 | D:1      | Reached XP level 1. HP: 19/19 MP: 0/0
     0 | D:1      | magus.rc [v1.9.6]
   530 | D:1      | Reached XP level 2. HP: 27/27 MP: 1/1
   843 | D:2      | Reached skill level 3 in Axes
   863 | D:2      | You pick up a book of Debilitation and begin reading...
   863 | D:2      | You add the spells Slow, Vampiric Draining and Confusing
                  | Touch to your library.
   978 | D:2      | Reached skill level 4 in Armour
  1043 | D:2      | Reached skill level 4 in Shields
  1043 | D:2      | Reached XP level 3. HP: 33/33 MP: 2/2
  1071 | D:2      | Reached skill level 4 in Fighting
  1267 | D:2      | You fall into a shaft and drop 1 floor!
  1652 | D:4      | Reached XP level 4. HP: 36/40 MP: 3/3
  1721 | D:4      | Reached skill level 4 in Axes
  2221 | D:4      | Noticed a kobold brigand
  2233 | D:4      | Killed a kobold brigand
  2234 | D:4      | Reached XP level 5. HP: 45/47 MP: 4/4
  2537 | D:4      | Reached skill level 5 in Axes
  2605 | D:5      | Entered Level 5 of the Dungeon
  2636 | D:5      | Reached XP level 6. HP: 55/55 MP: 5/5
  2638 | D:5      | Reached skill level 5 in Armour
  2668 | D:5      | Reached skill level 5 in Fighting
  2668 | D:5      | Reached skill level 5 in Shields
  2894 | D:5      | Found a shadowy altar of Dithmenos.
  2898 | D:5      | Found a radiant altar of Vehumet.
  2902 | D:5      | Found a hide-covered altar of Uskayaw.
  2971 | D:5      | Reached skill level 6 in Axes
  2971 | D:5      | Reached XP level 7. HP: 24/61 MP: 6/6
  3146 | D:5      | Found a broken altar of Ashenzari.
  3378 | D:5      | You add the spells Blink, Manifold Assault and Storm Form
                  | to your library.
  3436 | D:6      | Reached skill level 7 in Axes
  3436 | D:6      | Reached skill level 6 in Armour
  3502 | D:6      | Reached skill level 6 in Fighting
  3502 | D:6      | Reached skill level 6 in Shields
  3558 | D:6      | Reached XP level 8. HP: 70/70 MP: 7/7
  3739 | D:6      | Found a staircase to the Ecumenical Temple.
  3757 | Temple   | Entered the Ecumenical Temple
  4113 | D:6      | Reached skill level 8 in Axes
  4113 | D:6      | HP: 17/71 [kobold brigand/+0 dagger (3)]
  4151 | D:6      | Noticed Sigmund
  4159 | D:6      | HP: 6/71 [shadow imp/nerve-wracking pain (13)]
  4165 | D:6      | HP: 6/71 [fell downstairs (1)]
  4165 | D:6      | Slain by Sigmund

Vanquished Creatures
  2 black bears
  2 centaurs
  A phantom (D:5)
  2 kobold brigands
  2 bullfrogs (D:6)
  A scorpion (D:5)
  A howler monkey (D:6)
  A quasit (D:6)
  3 hounds
  4 orc priests
  4 iguanas
  A sleepcap (D:6)
  4 orc wizards
  5 adders
  3 shadow imps (D:6)
  2 white imps (D:6)
  7 ufetubi
  3 worms
  3 dart slugs
  15 orcs
  An endoplasm (D:2)
  2 giant cockroaches
  5 goblins
  4 hobgoblins
  2 quokkas
  6 ball pythons
  5 bats
  12 kobolds
  4 rats
107 creatures vanquished.

Table legend:
 A = Non-vault XP
 B = Vault XP
 C = Vault XP percentage of total XP
 D = Non-vault monster count
 E = Vault monster count
 F = Vault count percentage of total count
                 A         B        C        D         E       F
            +---------+---------+-------+---------+---------+-------
      Total |    1776 |     282 |  13.7 |      92 |      15 |  14.0
            +---------+---------+-------+---------+---------+-------
        D:1 |      16 |       0 |   0.0 |      10 |       0 |   0.0
        D:2 |      43 |       5 |  10.4 |      14 |       2 |  12.5
        D:3 |      32 |       0 |   0.0 |       9 |       0 |   0.0
        D:4 |     185 |      91 |  33.0 |      18 |       1 |   5.3
        D:5 |     711 |       0 |   0.0 |      21 |       0 |   0.0
        D:6 |     789 |     186 |  19.1 |      20 |      12 |  37.5
            +---------+---------+-------+---------+---------+-------

Skill      XL: |  1  2  3  4  5  6  7  8 |
---------------+-------------------------+-----
Axes           | 3 4 5 6 7 8 |  8.2
Armour         | 4 5 6 |  6.7
Shields        | 4 5 6 |  6.6
Fighting       | 4 5 6 |  6.6
Throwing       | |  0.2

Action                     |  1- 3 |  4- 6 |  7- 9 || total
---------------------------+-------+-------+-------++-------
  Melee: War axe           |    93 |   101 |   100 ||   294
         Headbutt          |    10 |    14 |    26 ||    50
 Armour: Scale mail        |    12 |       |       ||    12
         Plate armour      |    55 |   106 |   115 ||   276
  Dodge: Dodged            |    30 |    39 |    46 ||   115
  Block: Buckler           |    26 |    31 |    26 ||    83

Illustrated notes

Table legend:
 A = Kills in this place as a percentage of kills in the entire game.
 B = Kills by you in this place as a percentage of kills by you in the entire game.
 C = Kills by friends in this place as a percentage of kills by friends in the entire game.
 D = Other kills in this place as a percentage of other kills in the entire game.
 E = Experience gained in this place as a percentage of experience gained in the entire game.
 F = Experience gained in this place divided by the number of levels of this place that you have seen.
                   A       B       C       D       E      F
               +-------+-------+-------+-------+-------+----------------------
         Total | 100.0 | 100.0 |   N/A |   N/A | 100.0 | 294.0
       Dungeon | 100.0 | 100.0 |   N/A |   N/A | 100.0 | 343.0
               +-------+-------+-------+-------+-------+----------------------

Table legend: (Time is in decaauts)
 A = Elapsed time spent in this place.
 B = Non-inter-level travel time spent in this place.
 C = Inter-level travel time spent in this place.
 D = Time resting spent in this place.
 E = Time spent auto-exploring this place.
 F = Levels seen in this place.
 G = Mean time per level.
                   A        B        C        D        E       F      G
               +--------+--------+--------+--------+--------+-----+--------+
         Total |   4245 |   4106 |    139 |    153 |   3214 |   7 |  606.4 |
       Dungeon |   3975 |   3845 |    130 |    153 |   2967 |   6 |  662.5 |
        Temple |    269 |    260 |      9 |      0 |    247 |   1 |  269.0 |
               +--------+--------+--------+--------+--------+-----+--------+

Top non-repeatable levels by time:
     D:2: 973 daAuts
     D:5: 794 daAuts
     D:1: 741 daAuts
     D:4: 534 daAuts
     D:6: 522 daAuts
     D:3: 407 daAuts
  Temple: 269 daAuts
